Map: Tokamak LE

Players

VITRyung (Ryung)

  • Race: Terran Terran
  • League: Master
  • Spawn Location: 1:00

STZsOs (sOs) - Winner!

  • Race: Protoss Protoss
  • League: Master
  • Spawn Location: 7:00

Event: HomeStory Cup XXVII

VOD

Have the link to the VOD?

Description

Time

  • Played on: June 29, 2025, 12:01 p.m.
  • Length: 13:40

All games in this series

Show
View Real Time Build Order
Export as new Build Order

VITRyung Terran 

Build Orders:  

Get SALT Encoding   

  12  0:00  SCV  
  13  0:12  SCV  
  14  0:17  Supply Depot  
  14  0:24  SCV  
  15  0:39  SCV  
  15  0:40  Barracks  
  16  0:44  Refinery  
  16  0:51  SCV  
  17  1:03  SCV  
  18  1:15  SCV  
  19  1:27  Orbital Command  
  20  1:37  Command Center, Marine  
  20  1:48  Factory  
  20  1:53  SCV  
  21  2:04  Barracks Reactor  
  21  2:05  SCV  
  22  2:09  Supply Depot  
  22  2:13  Refinery  
  22  2:18  SCV  
  23  2:31  SCV  
  24  2:42  Starport  
  24  2:43  SCV  
  25  2:45  Hellion x2  
  25  2:49  Orbital Command, Marine  
  30  2:55  SCV  
  31  3:06  Widow Mine x2  
  31  3:07  SCV  
  36  3:14  SCV  
  36  3:18  Medivac  
  36  3:19  SCV  
  40  3:24  Supply Depot  
  40  3:26  Barracks Tech Lab  
  40  3:28  Widow Mine x2  
  40  3:29  SCV  
  40  3:33  SCV  
  46  3:39  Supply Depot  
  46  3:45  SCV x2  
  48  3:50  Barracks  
  48  3:51  Starport Tech Lab  
  48  3:57  SCV x2  
  50  4:04  Marine x2  
  50  4:05  Siege Tank  
  55  4:10  Supply Depot  
  55  4:11  SCV x2  
  57  4:18  Raven, Supply Depot  
  57  4:22  Barracks  
  57  4:23  SCV  
  57  4:24  SCV  
  61  4:28  Marine  
  61  4:31  Marine  
  59  4:38  SCV x2  
  59  4:42  Siege Tank  
  64  4:47  Engineering Bay  
  64  4:49  Refinery, Supply Depot  
  64  4:50  SCV  
  64  4:51  Bunker, Marine x2  
  67  4:54  SCV  
  67  4:59  Stimpack  
  66  5:01  Marine  
  66  5:03  SCV  
  66  5:06  SCV  
  69  5:07  Refinery  
  69  5:08  Marine  
  69  5:09  Marine  
  71  5:15  SCV  
  71  5:21  SCV, Terran Infantry Weapons Level 1  
  73  5:23  Marine x2  
  73  5:26  Marine  
  73  5:27  Marine, Combat Shield, SCV  
  78  5:36  Starport Reactor  
  78  5:39  Factory Reactor  
  78  5:43  Marauder  
  78  5:44  Marauder  
  78  5:46  Command Center  
  78  5:47  Supply Depot x2  
  82  5:57  Marine x2  
  84  6:04  Marauder  
  84  6:09  Marauder, Barracks  
  84  6:10  Barracks  
  88  6:13  Medivac x2  
  88  6:16  Supply Depot, Marine, SCV x2  
  88  6:17  Supply Depot  
  88  6:18  Marine  
  95  6:22  Widow Mine  
  95  6:23  Widow Mine  
  100  6:29  Marauder  
  102  6:38  Marauder, SCV x2  
  106  6:43  Medivac x2  
  110  6:51  Marine x2  
  110  6:52  Marauder  
  114  6:54  Widow Mine x2  
  114  6:57  SCV x2  
  114  6:58  Barracks Tech Lab, Barracks Reactor  
  114  6:59  Marauder  
  122  7:09  SCV x2  
  122  7:15  Terran Infantry Armor Level 1  
  124  7:21  Widow Mine x2  
  128  7:26  Marauder x2  
  121  7:37  Marauder, Marine x2  
  109  7:47  Marauder x2, Viking, Widow Mine  
  109  7:48  Viking, Widow Mine  
  116  7:51  Orbital Command  
  116  7:52  SCV x2  
  116  7:54  Marine x2  
  122  7:58  Marauder  
  122  8:00  Marine x2, Concussive Shells  
  124  8:09  Marauder x2  
  124  8:11  SCV x2, Armory  
  124  8:12  Engineering Bay  
  130  8:13  Supply Depot x2  
  130  8:14  Marine x2  
  130  8:18  SCV  
  133  8:28  Supply Depot x2  
  133  8:29  Refinery  
  133  8:30  Refinery  
  133  8:34  Marine  
  133  8:35  Marauder x2, SCV x2  
  133  8:47  Marauder, Marine x2  
  133  8:48  Marine  
  117  8:53  Viking x2, Widow Mine x2  
  118  8:55  SCV x2  
  118  8:56  Marauder x2, SCV  
  118  9:01  Supply Depot  
  125  9:02  Terran Infantry Weapons Level 2  
  125  9:04  Terran Ship Weapons Level 1  
  125  9:06  Marine x2  
  125  9:07  Marine x2  
  125  9:09  Ghost Academy  
  129  9:15  Terran Infantry Armor Level 2  
  129  9:18  Widow Mine x2  
  133  9:25  Marauder x3  
  133  9:28  Medivac x2  
  143  9:37  Bunker  
  143  9:38  Command Center  
  143  9:42  Marine x4  
  147  9:51  Ghost x2  
  147  9:52  Ghost  
  156  10:01  Medivac  
  156  10:02  Medivac  
  156  10:05  Marine x2  
  160  10:11  Barracks x2  
  160  10:12  Barracks  
  160  10:16  Widow Mine x2  
  160  10:18  Sensor Tower  
  160  10:19  Marine x2  
  160  10:21  Marauder x2, Missile Turret  
  170  10:35  Viking  
  172  10:40  Supply Depot  
  172  10:42  Viking  
  174  10:43  Supply Depot x3  
  174  10:45  Ghost x2  
  174  10:49  Ghost  
  183  10:52  SCV x3  
  186  11:04  Barracks Tech Lab x2, Barracks Reactor, SCV x3  
  186  11:09  Factory Tech Lab  
  188  11:17  Marauder, Planetary Fortress  
  188  11:18  Marauder x2  
  184  11:31  Marauder  
  184  11:32  Marauder  
  185  11:39  Marauder, Drilling Claws  
  187  11:40  Widow Mine  
  187  11:41  Marauder x2  
  193  11:53  Marauder x2  
  197  12:00  Marauder  
  193  12:06  Marauder  
  193  12:08  Marauder, Marine  
  173  12:09  Marine  
  173  12:14  Viking x2  
  173  12:15  Ghost x2  
  154  12:18  Marine x4  
  154  12:19  Refinery  
  154  12:20  Refinery  
  154  12:21  Marine  
  162  12:26  Ghost, Marine  
  166  12:33  Marauder  
  166  12:34  Marine  
  166  12:36  Marine x2  
  161  12:38  Marine x2  
  161  12:39  Marauder  
  161  12:43  Ghost x2  
  166  12:44  Marine  
  166  12:52  Marine  
  166  12:54  Marauder  
  166  12:56  Marauder  
  169  13:01  Marauder  
  147  13:06  Marine x2  
  147  13:09  Marine  
  127  13:13  Marauder x2  
  127  13:16  Marauder  
  127  13:17  Marauder  
  120  13:20  Marine  
  120  13:21  Marine  
Show
View Real Time Build Order
Export as new Build Order

STZsOs Protoss - Winner!

Build Orders: 1 Gate Expand, Phoenix Opening, Colossus Rush 

Get SALT Encoding   

  12  0:00  Probe  
  13  0:12  Probe  
  14  0:17  Pylon  
  14  0:24  Probe  
  15  0:36  Probe  
  15  0:37  Gateway  
  16  0:48  Probe  
  17  1:01  Probe  
  18  1:09  Nexus  
  18  1:13  Probe  
  19  1:24  Cybernetics Core  
  19  1:27  Assimilator  
  19  1:31  Assimilator  
  19  1:33  Probe  
  20  1:41  Pylon, Probe  
  21  1:49  Probe  
  21  1:50  Adept  
  22  2:00  Probe  
  24  2:07  Warp Gate  
  25  2:12  Probe  
  25  2:15  Shield Battery  
  26  2:18  Probe  
  27  2:24  Phoenix, Probe  
  27  2:25  Sentry  
  27  2:26  Probe  
  30  2:36  Probe  
  30  2:37  Probe  
  32  2:43  Twilight Council  
  33  2:48  Probe  
  33  2:49  Probe  
  35  3:00  Probe  
  35  3:01  Probe  
  35  3:02  Phoenix, Gateway  
  35  3:04  Gateway  
  37  3:12  Pylon  
  37  3:15  Probe x2  
  37  3:16  Stalker  
  41  3:27  Probe x2  
  41  3:32  Robotics Facility  
  43  3:34  Assimilator  
  43  3:39  Probe x2  
  43  3:40  Charge  
  45  3:51  Probe x2  
  47  4:03  Probe x2  
  47  4:05  Nexus  
  49  4:10  Stalker x2  
  49  4:15  Observer  
  49  4:16  Pylon  
  53  4:21  Pylon  
  53  4:22  Gateway  
  54  4:28  Observer  
  54  4:34  Probe x2  
  57  4:41  Phoenix  
  57  4:42  Stalker x3  
  63  4:46  Probe x2  
  65  4:53  Observer  
  65  4:58  Probe x2  
  68  5:09  Zealot  
  68  5:11  Shield Battery  
  68  5:13  Phoenix, Probe  
  70  5:14  Robotics Bay  
  70  5:16  Pylon  
  70  5:17  Probe x2  
  73  5:22  Immortal  
  73  5:23  Probe  
  73  5:26  Zealot x2  
  82  5:29  Probe  
  83  5:35  Shield Battery  
  83  5:41  Pylon  
  83  5:42  Probe  
  84  5:44  Gateway  
  84  5:46  Colossus, Gateway  
  84  5:47  Observer, Pylon  
  84  5:48  Gateway, Probe x2  
  86  5:56  Observer  
  86  5:58  Extended Thermal Lance  
  92  6:07  Zealot x3  
  92  6:08  Probe  
  99  6:16  Probe  
  99  6:17  Pylon  
  100  6:20  Pylon  
  100  6:21  Pylon  
  100  6:24  Colossus  
  99  6:29  Probe  
  99  6:31  Forge, Zealot x2  
  99  6:32  Forge, Zealot  
  106  6:39  Observer  
  106  6:46  Observer, Nexus  
  112  6:47  Pylon  
  112  7:00  Protoss Ground Armor Level 1, Protoss Ground Weapons Level 1, Zealot x4  
  112  7:01  Zealot  
  122  7:13  Zealot  
  124  7:17  Shield Battery  
  124  7:22  Stalker  
  126  7:23  Stalker  
  126  7:25  Zealot x2  
  126  7:29  Probe  
  126  7:37  Zealot  
  126  7:38  Zealot  
  126  7:40  Blink  
  116  7:55  Colossus, Probe x3  
  116  7:57  Gateway  
  119  7:59  Gateway  
  119  8:00  Zealot  
  119  8:01  Zealot x5  
  119  8:02  Photon Cannon  
  119  8:03  Probe  
  132  8:07  Probe x3  
  132  8:09  Gateway  
  141  8:15  Gateway  
  141  8:16  Shield Battery  
  141  8:19  Photon Cannon  
  141  8:24  Sentry  
  141  8:25  Stalker x3  
  141  8:26  Zealot x2  
  153  8:30  Pylon, Protoss Ground Weapons Level 2  
  153  8:34  Probe  
  153  8:36  Photon Cannon  
  144  8:46  Colossus  
  124  8:49  Zealot x4  
  124  8:53  Protoss Ground Armor Level 2  
  130  8:59  Probe  
  130  9:02  Zealot x4  
  141  9:08  Probe x2  
  147  9:11  Pylon  
  147  9:13  Nexus  
  147  9:16  Stalker  
  149  9:17  Zealot x2  
  153  9:31  Pylon, Zealot x5  
  163  9:42  Photon Cannon  
  163  9:44  Shield Battery, Zealot x4  
  169  9:55  Stalker x3  
  169  9:57  Zealot x2  
  179  10:04  Photon Cannon  
  179  10:05  Shield Battery  
  179  10:11  Pylon  
  179  10:12  Pylon  
  178  10:29  Probe x2  
  178  10:30  Probe x3  
  178  10:35  Observer  
  181  10:40  Gateway  
  181  10:44  Gateway  
  181  10:50  Zealot x2  
  181  10:51  Robotics Facility, Zealot x7  
  199  11:03  Stalker  
  199  11:09  Twilight Council  
  199  11:12  Gateway  
  199  11:17  Observer  
  195  11:20  Zealot x2  
  199  11:32  Gateway  
  193  11:37  Sentry  
  195  11:44  Robotics Bay  
  195  11:48  Stalker x2  
  199  11:57  Nexus  
  199  11:59  Observer  
  199  12:01  Zealot x3  
  199  12:03  Gateway  
  195  12:09  Stalker x2  
  195  12:15  Zealot x5  
  199  12:23  Pylon  
  199  12:43  Photon Cannon  
  199  12:44  Photon Cannon  
  199  12:45  Shield Battery  
  199  12:47  Shield Battery  
  179  13:07  Zealot x13  
  179  13:08  Zealot x2  
  170  13:31  Stalker x3, Zealot x2  
  170  13:32  Zealot x9  
Tags
 
Add a new tag
Caveats
  • Supply blocks, unpowered buildings, or Contaminate may cause inaccurate times.
  • Supply counts are checked every 10 seconds.